 Dungeon Crawl Stone Soup version bcrawl-1.12-10-g10a67aac0f (webtiles) character file.

Game seed: 10113983374143663621

1383 MisterOstroum the Covert (level 8, -1/57 HPs)
             Began as a Vampire Rogue on June 12, 2019.
             Was a Follower of Kikubaaqudgha.
             Slain by a sky beast (6 damage)
             ... on level 4 of the Dungeon.
             The game lasted 00:29:49 (7792 turns).

MisterOstroum the Covert (Vampire Rogue)            Turns: 7792, Time: 00:29:50

Health: -1/57      AC:  5    Str: 14    XL:     8   Next: 40%
Magic:  7/11       EV: 15    Int: 11    God:    Kikubaaqudgha [*.....]
Gold:   306        SH:  0    Dex: 17    Spells: 3/7 levels left

rFire    . . .     SeeInvis +   l - +0 dagger (flame)
rCold    + . .     Gourm    .   (no shield)
rNeg     + + .     Faith    .   c - +1 robe
rPois    ∞         Spirit   .   (no helmet)
rElec    .         Reflect  .   d - +0 cloak
rCorr    .         Harm     .   m - +0 pair of gloves
MR       .....                  (no boots)
Stlth    +++++++...             (no amulet)
HPRegen  0.09/turn              (no ring)
MPRegen  0.12/turn              (no ring)

@: very slightly contaminated, regenerating slowly
A: claws 1, fangs 3, see invisible, unbreathing
a: Receive Corpses, Renounce Religion


You were on level 4 of the Dungeon.
You worshipped Kikubaaqudgha.
Kikubaaqudgha was aware of your devotion.
You were near bloodless.

You visited 1 branch of the dungeon, and saw 4 of its levels.
You also visited: Sewer and Ossuary.

You collected 306 gold pieces.

Inventory:

Hand Weapons
 a - a +2 dagger
 b - a +0 blowgun
 l - a +0 dagger of flaming (weapon)
 p - a +0 rapier
 y - a +1 halberd of venom
Missiles
 h - 59 poisoned needles
 q - 40 tomahawks (quivered)
 s - 1014 stones
 J - 146 javelins
Armour
 c - a +1 robe (worn)
 d - a +0 cloak (worn)
 m - a +0 pair of gloves (worn)
 G - a +0 helmet
Jewellery
 K - a +5 ring of intelligence {unknown}
Wands
 f - a wand of flame (8)
 g - a wand of enslavement (15)
Scrolls
 u - 4 scrolls of fog {!r}
 w - 2 scrolls of blinking {unknown}
 x - a scroll of teleportation {unknown}
 A - 4 scrolls of remove curse {@r2}
 B - 4 scrolls of noise {unknown}
 D - a scroll of fear {unknown}
 H - 3 scrolls of identify {@r1}
 I - a scroll of enchant armour
 L - a scroll of magic mapping {unknown}
 M - a scroll of amnesia {unknown}
Potions
 e - 7 potions of blood
 i - 2 potions of magic {unknown}
 j - 2 potions of flight {unknown}
 k - 3 potions of haste {unknown}
 n - 2 potions of mutation {unknown}
 o - 2 potions of curing {unknown}
 r - 2 potions of berserk rage {unknown}
 t - a potion of cancellation {unknown}
 v - 2 potions of brilliance {unknown}
 z - 3 potions of heal wounds {unknown}
 C - 3 potions of lignification {unknown}
 E - a potion of might {unknown}
 F - a potion of ambrosia {unknown}


   Skills:
 + Level 2.7 Fighting
 + Level 5.6 Short Blades
 - Level 1.5 Throwing
 - Level 5.0 Dodging
 * Level 10.1 Stealth
 + Level 2.4 Necromancy
 - Level 5.0 Evocations


You had 3 spell levels left.
You knew the following spells:

 Your Spells              Type           Power        Failure   Level  Hunger
a - Pain                  Necr           #...         13%         1    ##.....
b - Vampiric Draining     Necr           #.........   36%         3    ####...

Your spell library contained the following spells:

 Spells                   Type           Power        Failure   Level  Hunger
 Animate Skeleton         Necr           N/A          13%         1    ##.....
 Sublimation of Blood     Necr           #.........   21%         2    ###....


Dungeon Overview and Level Annotations

Branches:
Dungeon (4/12)
 Temple: D:4-7

Altars:
Cheibriados
Elyvilon
Kikubaaqudgha
Okawaru
Trog
Wu Jian
Yredelemnul

Shops:
D:4 =


Innate Abilities, Weirdness & Mutations

You heal slowly.
You are immune to poison.
You have sharp fingernails.
You have razor-sharp teeth.
You have supernaturally acute eyesight. (SInv)
You can survive without breathing.


Message History

The sky beast is heavily wounded.
The sky beast completely misses you.
Casting: Pain (safe; 13% risk of failure)
Confirm with . or Enter, or press ? or * to list all spells.
Aiming: Pain (safe; 13% risk of failure)
Press: ? - help, Shift-Dir - straight line, f - sky beast
Aim: a sky beast (heavily wounded, slightly transparent, chance to defeat MR: 48%)
The sky beast resists with some effort.
The sky beast completely misses you.
Casting: Pain (safe; 13% risk of failure)
Confirm with . or Enter, or press ? or * to list all spells.
Aiming: Pain (safe; 13% risk of failure)
Press: ? - help, Shift-Dir - straight line, f/p - sky beast
Aim: a sky beast (heavily wounded, slightly transparent, chance to defeat MR: 48%)
You miscast Pain.
You are very lightly contaminated with residual magic.
Pain shoots through your body. The sky beast closely misses you.
Okay, then.
Unknown command.
Wield which item (- for none, * to show all)? (? for menu, Esc to quit)
Okay, then.
Put on which piece of jewellery? (? for menu, Esc to quit)
Okay, then.
Unknown command.
Okay, then.
Unknown command.
Casting: Pain (safe; 13% risk of failure)
Confirm with . or Enter, or press ? or * to list all spells.
Aiming: Vampiric Draining (slightly dangerous; 36% risk of failure)
Press: ? - help, Shift-Dir - straight line, f/p - sky beast
Aim: a sky beast (heavily wounded, slightly transparent)
You miscast Vampiric Draining.
Nothing appears to happen.
The sky beast hits you. The sky beast shocks you. The sky beast misses you.
The sky beast flickers out of sight for a moment.
Okay, then.
Wield which item (- for none, * to show all)? (? for menu, Esc to quit)
Your +0 dagger of flaming bursts into flame!
l - a +0 dagger of flaming (weapon)
You closely miss the sky beast.
The sky beast is moderately wounded.
The sky beast hits you but does no damage.
You closely miss the sky beast.
The sky beast is moderately wounded.
The sky beast flickers out of sight for a moment.
The sky beast barely misses you.
You hit the sky beast. You burn the sky beast. Your bite misses the sky beast.
The sky beast is heavily wounded.
The sky beast completely misses you.
You hit the sky beast. You burn the sky beast.
The sky beast is heavily wounded.
You hit the sky beast but do no damage.
You bite the sky beast, but do no damage.
The sky beast is heavily wounded.
The sky beast barely misses you.
You hit the sky beast but do no damage.
The sky beast is heavily wounded.
The sky beast hits you but does no damage.
You barely miss the sky beast.
The sky beast is heavily wounded.
You hit the sky beast. You burn the sky beast.
The sky beast is severely wounded.
The sky beast hits you. The sky beast shocks you.
* * * LOW HITPOINT WARNING * * *
You barely miss the sky beast.
The sky beast is severely wounded.
The sky beast hits you.
* * * LOW HITPOINT WARNING * * *
The sky beast shocks you.
* * * LOW HITPOINT WARNING * * *
You hit the sky beast but do no damage.
The sky beast is heavily wounded.
The sky beast barely misses you.
You hit the sky beast but do no damage.
The sky beast is heavily wounded.
You closely miss the sky beast.
The sky beast is heavily wounded.
The sky beast hits you.
* * * LOW HITPOINT WARNING * * *
The sky beast shocks you.
* * * LOW HITPOINT WARNING * * *
Casting: Vampiric Draining (slightly dangerous; 36% risk of failure)
Confirm with . or Enter, or press ? or * to list all spells.
Aiming: Vampiric Draining (slightly dangerous; 36% risk of failure)
Press: ? - help, Shift-Dir - straight line, f/p - sky beast
Aim: a sky beast (heavily wounded, slightly transparent)
The sky beast is severely wounded.
You feel life coursing into your body.
The sky beast hits you but does no damage.
Casting: Vampiric Draining (slightly dangerous; 36% risk of failure)
Confirm with . or Enter, or press ? or * to list all spells.
Aiming: Vampiric Draining (slightly dangerous; 36% risk of failure)
Press: ? - help, Shift-Dir - straight line, f/p - sky beast
Aim: a sky beast (severely wounded, slightly transparent)
Okay, then.
Unknown command.
The sky beast hits you.
* * * LOW HITPOINT WARNING * * *
The sky beast shocks you.
You die...
Kikubaaqudgha rasps: "You have failed me!
Welcome... oblivion!"

.................................
.................................
..........................)......
..........................)......
........................)..)..###
.............)................#
..............................#
.................Y............#
................@.............#
..............................#
..............................#
###############################


You could see a sky beast.

Vanquished Creatures
  Edmund (D:4)
  An ice beast (D:3)
  A sky beast (D:4)
  An ogre (D:4)
  4 elf skeletons (D:4)
  A centaur zombie (Ossuary)
  A crimson imp (D:4)
  A hound (D:4)
  A human zombie (Ossuary)
  An orc priest (D:4)
  4 orc wizards
  An iguana (D:4)
  2 human skeletons (D:4)
  A worker ant (D:3)
  A big kobold zombie (Ossuary)
  3 mummies (Ossuary)
  Robin (D:4)
  15 adders
  2 gnolls (D:3)
  A river rat (D:3)
  An ooze (D:4)
  5 worms
  2 dart slugs
  4 leopard geckos
  19 orcs
  2 ball pythons (Sewer)
  4 giant cockroaches
  13 goblins
  14 hobgoblins
  14 jackals
  12 kobolds
  3 quokkas (D:3)
  3 bats
  7 frilled lizards
  2 gnoll zombies (Ossuary)
  A hobgoblin zombie (Ossuary)
  3 orc skeletons (D:4)
  3 orc zombies
  3 rats
  4 plants (Sewer)
163 creatures vanquished.

Notes
Turn   | Place    | Note
-------+----------+-------------------------------------------
     0 | D:1      | MisterOstroum the Vampire Rogue began the quest for the
                  | Orb.
     0 | D:1      | Reached XP level 1. HP: 13/13 MP: 2/2
    53 | D:1      | Found a snail-covered altar of Cheibriados.
   121 | D:1      | Reached XP level 2. HP: 19/19 MP: 3/3
   558 | D:1      | Reached skill level 1 in Dodging
   596 | D:1      | Reached XP level 3. HP: 24/24 MP: 4/4
   606 | D:1      | Reached skill level 7 in Stealth
   961 | D:2      | Reached XP level 4. HP: 26/30 MP: 5/5
  1693 | D:3      | Reached XP level 5. HP: 22/35 MP: 7/7
  1702 | D:3      | Noticed an ice beast
  1703 | D:3      | Found a bloodstained altar of Trog.
  2026 | D:3      | Found a glowing drain.
  2043 | Sewer    | Entered a sewer
  4768 | D:3      | Found a white marble altar of Elyvilon.
  4771 | D:3      | Found an ancient bone altar of Kikubaaqudgha.
  4774 | D:3      | Found a basalt altar of Yredelemnul.
  4840 | D:3      | Found an ornate altar of the Wu Jian Council.
  4860 | D:3      | Reached skill level 8 in Stealth
  4914 | D:3      | Reached XP level 6. HP: 41/41 MP: 8/8
  5151 | D:3      | Killed an ice beast
  5449 | D:3      | Found an iron altar of Okawaru.
  5514 | D:3      | Became a worshipper of Kikubaaqudgha
  5655 | D:4      | Reached XP level 7. HP: 34/46 MP: 10/10
  5682 | D:4      | Noticed Edmund
  5698 | D:4      | Found Jefet's Jewellery Shoppe.
  5716 | D:4      | Noticed Robin
  5858 | D:4      | Killed Edmund
  5858 | D:4      | Reached skill level 9 in Stealth
  5993 | D:4      | Found a sand-covered staircase.
  6000 | Ossuary  | Entered an ossuary
  6052 | Ossuary  | Reached skill level 5 in Evocations
  6107 | Ossuary  | Reached skill level 5 in Dodging
  6262 | Ossuary  | Reached skill level 10 in Stealth
  6475 | D:4      | Reached * piety under Kikubaaqudgha
  6475 | D:4      | Identified Kikubaaqudgha's Catalogue of Sinister Arts
                  | (Kikubaaqudgha gifted it to you on level 4 of the Dungeon)
  6475 | D:4      | Received a gift from Kikubaaqudgha
  6479 | D:4      | Learned a level 1 spell: Pain
  6545 | D:4      | Reached skill level 1 in Fighting
  6545 | D:4      | Reached skill level 1 in Necromancy
  6547 | D:4      | Killed Robin
  6580 | D:4      | Reached XP level 8. HP: 40/54 MP: 11/11
  6874 | D:4      | Reached skill level 5 in Short Blades
  7014 | D:4      | Learned a level 3 spell: Vampiric Draining
  7789 | D:4      | HP: 2/57 [sky beast (6)]
  7792 | D:4      | Slain by a sky beast

Skill      XL: |  1  2  3  4  5  6  7  8 |
---------------+-------------------------+-----
Short Blades   | 3 4 5 |  5.6
Dodging        | 1 2 3 4 5 |  5.0
Stealth        | 7 8 10 | 10.1
Evocations     | 3 4 5 |  5.0
Fighting       | 1 2 |  2.7
Necromancy     | 1 2 |  2.4
Throwing       | |  1.5

Action                   |  1- 3 |  4- 6 |  7- 9 || total
-------------------------+-------+-------+-------++-------
Melee: Dagger            |    69 |    11 |    44 ||   124
       Bite              |     9 |    64 |    42 ||   115
       Unarmed           |    14 |     3 |       ||    17
       Rapier            |    12 |   382 |   192 ||   586
       Halberd           |       |       |     6 ||     6
 Fire: Blowgun           |       |    18 |     3 ||    21
Throw: Tomahawk          |       |     5 |       ||     5
 Cast: Pain              |       |       |     5 ||     5
       Vampiric Draining |       |       |     1 ||     1
 Abil: Bat Form          |     1 |     8 |     2 ||    11
       End Transformatio |     1 |     7 |     2 ||    10
Evoke: Wand              |       |     7 |       ||     7
  Use: Potion            |     8 |    10 |     1 ||    19
       Scroll            |       |     4 |     1 ||     5
 Stab: Sleeping          |    11 |    19 |    18 ||    48
       Distracted        |       |     2 |     1 ||     3
  Eat: Corpse            |       |     3 |       ||     3
Armor: Robe              |    14 |    49 |    30 ||    93
Dodge: Dodged            |    52 |   131 |   176 ||   359
